Nordiques vs Jets

Created - 28 septembre 2021 at 12:57

Simulating a Pre-Season

Goals
1 2 3 T
Nordiques 1 3 1 5
Jets 2 2 2 6
Shots
1 2 3 T
Nordiques 8 19 21 48
Jets 11 17 10 38

1st period

1. Jets , Artem Anisimov 1 (Colton Sissons 4) at 9:14
2. Jets , Victor Olofsson 4 (Nathan MacKinnon 3, Zac Dalpe 2) at 12:33 (PP)
3. Nordiques , Alexander Wennberg 4 (Sebastian Aho 6) at 12:39 (SH)

Penalties :
Brett Ritchie (WIN) for Tripping (Minor) at 1:16, Alex Newhook (QUE) for Slashing (Double Minor) at 11:02, Calle Rosen (QUE) for Roughing (Minor) at 19:23

2nd period

4. Nordiques , Kirby Dach 2 (Sebastian Aho 7, Zdeno Chara 2) at 3:25 (PP)
5. Nordiques , Kirby Dach 3 (Sebastian Aho 8) at 6:50
6. Jets , James van Riemsdyk 1 (John Moore 2, Mark Pysyk 1) at 9:32
7. Nordiques , Alex Newhook 1 (Pius Suter 2) at 10:13
8. Jets , Josh Morrissey 1 (Frederick Gaudreau 2, Wayne Simmonds 3) at 19:25

Penalties :
Mark Pysyk (WIN) for Tripping (Minor) at 2:27, Nathan MacKinnon (WIN) for Hooking (Minor) at 10:36

3rd period

9. Nordiques , Nils Hoglander 3 (Joel Farabee 4, Mathieu Perreault 3) at 1:54
10. Jets , Artem Anisimov 2 (Kris Letang 5, Josh Morrissey 1) at 6:55
11. Jets , Wayne Simmonds 1 (Frederick Gaudreau 3, Brett Pesce 1) at 12:17

Penalties :
Josh Manson (WIN) for Hooking (Minor) at 17:07

Goalie Stats

Dan Vladar (QUE), 32 saves from 38 shots - (0,842), L, 2-4-1, 59:34 minutes
Mackenzie Blackwood (WIN), 43 saves from 48 shots - (0,896), W, 1-0-0, 60:00 minutes

Players Stats for Nordiques

Player Name              G  A  P  +/- PIM S  H  SB GA TA FO     MP     PP MP  PK MP  
------------------------------------------------------------------------------------
Alex Newhook             1  0  1   0  4   4  2  0  2  1  0/0    11:33   0:00   0:00 
Alexander Wennberg       1  0  1   0  0   3  2  0  0  0  1/1    21:04   3:41   2:46 
C.J. Smith               0  0  0   0  0   0  0  0  0  0  0/0     7:54   0:00   0:00 
Calle Rosen              0  0  0  -1  2   2  2  0  0  0  0/0    15:24   0:00   0:00 
Gabriel Dumont           0  0  0   0  0   2  0  0  0  0  0/1     7:54   0:00   0:00 
Joel Farabee             0  1  1  -1  0   2  0  0  3  0  1/3    19:24   3:13   2:43 
Kirby Dach               2  0  2  -1  0   5  1  1  0  1  1/4    20:59   3:41   2:43 
Mathieu Perreault        0  1  1  -1  0   1  0  0  1  0  8/24   16:25   2:57   0:00 
Mitchell Stephens        0  0  0   0  0   9  0  0  0  0  2/3     8:15   0:17   0:00 
Nils Hoglander           1  0  1  -1  0   3  2  0  0  1  0/1    16:41   3:13   0:00 
Patrick Brown            0  0  0   0  0   1  0  1  0  0  0/1    11:38   0:01   0:00 
Philippe Myers           0  0  0   2  0   1  0  1  0  1  0/0    21:12   3:16   2:30 
Pius Suter               0  1  1   0  0   2  0  0  2  0  9/16   11:38   0:01   0:00 
Ryan Lindgren            0  0  0   2  0   4  0  1  1  0  0/0    21:12   3:16   2:30 
Sebastian Aho            0  3  3   0  0   4  3  1  1  1  11/23  21:04   3:41   2:46 
Shayne Gostisbehere      0  0  0  -1  0   2  0  2  0  1  0/0    15:24   0:00   0:00 
Travis Sanheim           0  0  0  -2  0   1  0  3  0  3  0/0    23:24   3:39   2:59 
Zdeno Chara              0  1  1  -2  0   2  5  3  0  0  0/0    23:24   3:39   2:59 

Players Stats for Jets

Player Name              G  A  P  +/- PIM S  H  SB GA TA FO     MP     PP MP  PK MP  
------------------------------------------------------------------------------------
Alexis Lafreniere        0  0  0  -4  0   2  0  0  2  0  2/3    15:33   2:37   0:09 
Artem Anisimov           2  0  2   2  0   8  0  1  0  0  1/1    10:48   0:00   1:00 
Brett Pesce              0  1  1  -1  0   0  5  0  0  2  0/0    25:55   1:46   4:46 
Brett Ritchie            0  0  0   2  2   0  1  0  0  0  0/0     6:25   0:00   0:00 
Colton Sissons           0  1  1   2  0   0  0  1  0  0  7/13   13:43   0:00   3:30 
Filip Chytil             0  0  0  -3  0   1  2  0  1  0  4/15   15:50   2:27   0:00 
Frederick Gaudreau       0  2  2   2  0   1  0  1  1  0  2/3     8:53   0:25   1:09 
James van Riemsdyk       1  0  1   1  0   5  1  0  2  0  1/1    19:59   2:27   0:00 
John Moore               0  1  1   2  0   0  1  0  0  1  0/0    10:37   0:00   2:09 
Josh Manson              0  0  0  -1  2   3  2  2  0  0  0/0    25:19   2:39   3:18 
Josh Morrissey           1  1  2   0  0   2  3  1  1  1  0/0    24:35   2:50   2:40 
Kris Letang              0  1  1   0  0   3  1  1  1  3  0/0    24:25   3:43   0:57 
Kyle Turris              0  0  0   2  0   1  0  0  0  1  1/2    12:28   0:00   2:15 
Mark Pysyk               0  1  1   2  2   0  0  0  0  0  0/0     9:08   0:00   0:00 
Nathan MacKinnon         0  1  1   0  2   0  1  0  0  1  24/37  20:45   3:02   0:00 
Victor Olofsson          1  0  1   0  0   8  1  1  1  0  2/2    20:28   3:02   0:00 
Wayne Simmonds           1  1  2   2  0   4  2  0  0  0  0/0     8:40   0:00   2:15 
Zac Dalpe                0  1  1  -3  0   0  0  2  0  1  0/0    19:29   2:27   3:32 

3 Stars

1 - Artem Anisimov (WIN)
2 - Wayne Simmonds (WIN)
3 - Josh Morrissey (WIN)

Power Play

Nordiques - 1 on 5 Attempt(s) - 20,00%
Jets - 1 on 2 Attempt(s) - 50,00%

Penalty Kill

Nordiques - 1 on 2 Attempt(s) - 50,00% - Score 1 goal in Penalty Kill
Jets - 4 on 5 Attempt(s) - 80,00% - Score 0 goal in Penalty Kill

Team Stat

Nordiques - Hits : 17 - Faceoff Wins : 33 - Blocked Shots : 13 - Penalty Minutes : 6
Jets - Hits : 20 - Faceoff Wins : 44 - Blocked Shots : 10 - Penalty Minutes : 8

Official

Referees : Kendrick Nicholson and Kenny Anderson
Linesman : Mark Shewchyk and Steve Barton

Game Notes

14:55 of 2nd period - Penalty Shot by Josh Morrissey for Jets - Stopped by Dan Vladar

Nordiques

5 vs 5 Forward 
   Center                   Left Wing                Right Wing               Time % Phy DF OF 
 1 Sebastian Aho            Alexander Wennberg       Kirby Dach               30     1   2  2  
 2 Mathieu Perreault        Joel Farabee             Nils Hoglander           30     1   2  2  
 3 Pius Suter               Alex Newhook             Patrick Brown            25     1   2  2  
 4 Mitchell Stephens        C.J. Smith               Gabriel Dumont           15     1   2  2  

5 vs 5 Defense 
   Defense                  Defense                                           Time % Phy DF OF 
 1 Zdeno Chara              Travis Sanheim                                    34     1   2  2  
 2 Ryan Lindgren            Philippe Myers                                    33     1   2  2  
 3 Shayne Gostisbehere      Calle Rosen                                       33     1   2  2  
 4 Zdeno Chara              Travis Sanheim                                    0      1   2  2  

PowerPlay Forward 
   Center                   Left Wing                Right Wing               Time % Phy DF OF 
 1 Sebastian Aho            Alexander Wennberg       Kirby Dach               50     1   2  2  
 2 Mathieu Perreault        Joel Farabee             Nils Hoglander           50     1   2  2  

PowerPlay Defense
   Defense                  Defense                                           Time % Phy DF OF 
 1 Zdeno Chara              Travis Sanheim                                    50     1   2  2  
 2 Ryan Lindgren            Philippe Myers                                    50     1   2  2  

Penalty Kill 4 Players Forward 
   Center                   Wing                     Time % Phy DF OF 
 1 Sebastian Aho            Alexander Wennberg       50     1   2  2  
 2 Kirby Dach               Joel Farabee             50     1   2  2  

Penalty Kill 4 Players Defense
   Defense                  Defense                  Time % Phy DF OF 
 1 Zdeno Chara              Travis Sanheim           50     1   2  2  
 2 Ryan Lindgren            Philippe Myers           50     1   2  2  

Penalty Kill - 3 Players Forward 
   Forward                                           Time % Phy DF OF 
 1 Sebastian Aho                                     50     1   2  2  
 2 Alexander Wennberg                                50     1   2  2  

Penalty Kill - 3 Players Defense
   Defense                  Defense                  Time % Phy DF OF 
 1 Zdeno Chara              Travis Sanheim           50     1   2  2  
 2 Ryan Lindgren            Philippe Myers           50     1   2  2  

4 vs 4 Forward 
   Center                   Wing                     Time % Phy DF OF 
 1 Sebastian Aho            Alexander Wennberg       50     1   2  2  
 2 Kirby Dach               Joel Farabee             50     1   2  2  

4 vs 4 Defense
   Defense                  Defense                  Time % Phy DF OF 
 1 Zdeno Chara              Travis Sanheim           50     1   2  2  
 2 Ryan Lindgren            Philippe Myers           50     1   2  2  

Last Minutes Offensive
   Center                   Left Wing                Right Wing               Defense                  Defense                  
   Sebastian Aho            Alexander Wennberg       Kirby Dach               Zdeno Chara              Travis Sanheim           

Last Minutes Defensive
   Center                   Left Wing                Right Wing               Defense                  Defense                  
   Sebastian Aho            Alexander Wennberg       Kirby Dach               Zdeno Chara              Travis Sanheim           

Goaltenders
Starting : Dan Vladar               
Backup : Devan Dubnyk             

Extra Forwards
Normal : Mitchell Stephens, Pius Suter, Alex Newhook - PP : Mitchell Stephens, Pius Suter - PK : Alex Newhook
Extra Defensemen
Normal : Shayne Gostisbehere, Calle Rosen, Ryan Lindgren - PP : Shayne Gostisbehere - PK : Calle Rosen, Ryan Lindgren
Penalty Shots
Sebastian Aho, Alexander Wennberg, Kirby Dach, Joel Farabee, Nils Hoglander
Custom OT Lines Forwards
Sebastian Aho, Alexander Wennberg, Kirby Dach, Joel Farabee, Nils Hoglander, Mathieu Perreault, Pius Suter, Alex Newhook, Patrick Brown, Gabriel Dumont
Custom OT Lines Defensemen
Zdeno Chara, Travis Sanheim, Ryan Lindgren, Philippe Myers, Shayne Gostisbehere

Scratches
Doyle Somerby (Healthy), C.J. Suess (Healthy), Craig Anderson (Healthy)

Jets

5 vs 5 Forward 
   Center                   Left Wing                Right Wing               Time % Phy DF OF 
 1 Nathan MacKinnon         James van Riemsdyk       Victor Olofsson          40     1   2  2  
 2 Filip Chytil             Alexis Lafreniere        Zac Dalpe                30     1   2  2  
 3 Colton Sissons           Artem Anisimov           Kyle Turris              20     1   2  2  
 4 Frederick Gaudreau       Wayne Simmonds           Brett Ritchie            10     1   2  2  

5 vs 5 Defense 
   Defense                  Defense                                           Time % Phy DF OF 
 1 Josh Morrissey           Brett Pesce                                       40     1   2  2  
 2 Kris Letang              Josh Manson                                       30     1   2  2  
 3 Mark Pysyk               John Moore                                        20     1   2  2  
 4 Kris Letang              Josh Manson                                       10     1   2  2  

PowerPlay Forward 
   Center                   Left Wing                Right Wing               Time % Phy DF OF 
 1 Nathan MacKinnon         Alexis Lafreniere        Victor Olofsson          60     1   2  2  
 2 Filip Chytil             James van Riemsdyk       Zac Dalpe                40     1   2  2  

PowerPlay Defense
   Defense                  Defense                                           Time % Phy DF OF 
 1 Josh Morrissey           Kris Letang                                       60     1   2  2  
 2 Josh Manson              Brett Pesce                                       40     1   2  2  

Penalty Kill 4 Players Forward 
   Center                   Wing                     Time % Phy DF OF 
 1 Colton Sissons           Zac Dalpe                60     1   2  2  
 2 Kyle Turris              Wayne Simmonds           40     1   2  2  

Penalty Kill 4 Players Defense
   Defense                  Defense                  Time % Phy DF OF 
 1 Brett Pesce              Josh Manson              60     1   2  2  
 2 Josh Morrissey           John Moore               40     1   2  2  

Penalty Kill - 3 Players Forward 
   Forward                                           Time % Phy DF OF 
 1 Kyle Turris                                       60     1   2  2  
 2 Frederick Gaudreau                                40     1   2  2  

Penalty Kill - 3 Players Defense
   Defense                  Defense                  Time % Phy DF OF 
 1 Josh Manson              Kris Letang              60     1   2  2  
 2 Brett Pesce              John Moore               40     1   2  2  

4 vs 4 Forward 
   Center                   Wing                     Time % Phy DF OF 
 1 Nathan MacKinnon         James van Riemsdyk       60     1   2  2  
 2 Frederick Gaudreau       Artem Anisimov           40     1   2  2  

4 vs 4 Defense
   Defense                  Defense                  Time % Phy DF OF 
 1 Mark Pysyk               John Moore               60     1   2  2  
 2 Josh Morrissey           Brett Pesce              40     1   2  2  

Last Minutes Offensive
   Center                   Left Wing                Right Wing               Defense                  Defense                  
   Nathan MacKinnon         James van Riemsdyk       Wayne Simmonds           Josh Morrissey           Kris Letang              

Last Minutes Defensive
   Center                   Left Wing                Right Wing               Defense                  Defense                  
   Frederick Gaudreau       Kyle Turris              Colton Sissons           Josh Manson              Brett Pesce              

Goaltenders
Starting : Mackenzie Blackwood      
Backup : Jonathan Bernier         

Extra Forwards
Normal : Nathan MacKinnon, Filip Chytil, Frederick Gaudreau - PP : Frederick Gaudreau, Colton Sissons - PK : Frederick Gaudreau
Extra Defensemen
Normal : Kris Letang, Josh Morrissey, Brett Pesce - PP : Brett Pesce - PK : Kris Letang, Josh Morrissey
Penalty Shots
Wayne Simmonds, Artem Anisimov, Nathan MacKinnon, James van Riemsdyk, Kyle Turris
Custom OT Lines Forwards
Nathan MacKinnon, James van Riemsdyk, Alexis Lafreniere, Colton Sissons, Filip Chytil, Artem Anisimov, Victor Olofsson, Kyle Turris, Frederick Gaudreau, Zac Dalpe
Custom OT Lines Defensemen
Brett Pesce, Josh Manson, Josh Morrissey, Kris Letang, Mark Pysyk

Scratches
Troy Terry (Healthy), Nate Prosser (Healthy), William Carrier (Healthy)

% Time on Ice - Nordiques

Lines # - Real PCT - Wanted PCT - Time Play
Normal Forward
1 - 30% - 30% - 14:13
2 - 29% - 30% - 13:28
3 - 24% - 25% - 11:15
4 - 17% - 15% - 7:54
Normal Defense
1 - 34% - 34% - 16:00
2 - 33% - 33% - 15:26
3 - 33% - 33% - 15:24
4 - 0% - 0% - 0:00
PP Forward
1 - 53% - 50% - 3:42
2 - 47% - 50% - 3:13
PP Defense
1 - 53% - 50% - 3:39
2 - 47% - 50% - 3:16
PK Forward
1 - 50% - 50% - 2:46
2 - 50% - 50% - 2:43
PK Defense
1 - 54% - 50% - 2:59
2 - 46% - 50% - 2:30
PK3 Forward
1 - 0% - 50%
2 - 0% - 50%
PK3 Defense
1 - 0% - 50%
2 - 0% - 50%
44 Forward
1 - 0% - 50%
2 - 0% - 50%
44 Defense
1 - 0% - 50%
2 - 0% - 50%
Last Minute Offensive  - 0:46
Last Minute Defensive  - 0:00
Total
Forward - 60:00
Defense - 60:00

% Time on Ice - Jets

Lines # - Real PCT - Wanted PCT - Time Play
Normal Forward
1 - 39% - 40% - 18:11
2 - 27% - 30% - 12:46
3 - 20% - 20% - 9:21
4 - 14% - 10% - 6:26
Normal Defense
1 - 43% - 40% - 20:07
2 - 31% - 30% - 14:20
3 - 20% - 20% - 9:09
4 - 7% - 10% - 3:08
PP Forward
1 - 55% - 60% - 3:02
2 - 45% - 40% - 2:27
PP Defense
1 - 68% - 60% - 3:43
2 - 32% - 40% - 1:46
PK Forward
1 - 67% - 60% - 4:40
2 - 33% - 40% - 2:15
PK Defense
1 - 69% - 60% - 4:46
2 - 31% - 40% - 2:09
PK3 Forward
1 - 0% - 60%
2 - 0% - 40%
PK3 Defense
1 - 0% - 60%
2 - 0% - 40%
44 Forward
1 - 0% - 60%
2 - 0% - 40%
44 Defense
1 - 0% - 60%
2 - 0% - 40%
Last Minute Offensive  - 0:00
Last Minute Defensive  - 0:52
Total
Forward - 60:00
Defense - 60:00

Play-by-Play

1st period


0:01 of 1st period - Nathan MacKinnon wins face-off versus Sebastian Aho in neutral zone.
0:06 of 1st period - Snap shot by James van Riemsdyk.
0:06 of 1st period - Shot Misses the Net.
0:26 of 1st period - Zdeno Chara is hit by Brett Pesce and loses puck.
1:16 of 1st period - Minor Penalty to Brett Ritchie for Tripping.
1:17 of 1st period - Sebastian Aho wins face-off versus Colton Sissons in Jets zone.
1:27 of 1st period - Slapshot by Colton Sissons.
1:27 of 1st period - Shot Misses the Net.
2:17 of 1st period - Josh Morrissey is hit by Alexander Wennberg.
2:35 of 1st period - Slapshot by Nils Hoglander.
2:35 of 1st period - Shot Misses the Net.
3:16 of 1st period - Penalty to Brett Ritchie is over, Brett Ritchie is back on ice.
4:09 of 1st period - Icing by Shayne Gostisbehere.
4:10 of 1st period - Nathan MacKinnon wins face-off versus Pius Suter in Nordiques zone.
4:11 of 1st period - Snap shot by Victor Olofsson.
4:11 of 1st period - Stopped by Dan Vladar with a rebound.
4:13 of 1st period - Slapshot by Brett Pesce.
4:13 of 1st period - Shot Misses the Net.
4:15 of 1st period - Slapshot by Brett Pesce.
4:15 of 1st period - Shot Blocked by Shayne Gostisbehere.
4:17 of 1st period - Slapshot by Josh Morrissey.
4:17 of 1st period - Shot Misses the Net.
4:40 of 1st period - Wrist shot by Alexis Lafreniere.
4:40 of 1st period - Shot Misses the Net.
4:42 of 1st period - Snap shot by Brett Pesce.
4:42 of 1st period - Shot Misses the Net.
4:51 of 1st period - Off-side.
4:52 of 1st period - Colton Sissons wins face-off versus Mathieu Perreault in neutral zone.
4:57 of 1st period - Snap shot by Artem Anisimov.
4:57 of 1st period - Stopped by Dan Vladar with a rebound.
4:59 of 1st period - Snap shot by Josh Manson.
4:59 of 1st period - Stopped by Dan Vladar with a rebound.
5:01 of 1st period - Slapshot by Josh Manson.
5:01 of 1st period - Stopped by Dan Vladar with a rebound.
5:28 of 1st period - Wrist shot by Kirby Dach.
5:28 of 1st period - Shot Misses the Net.
5:30 of 1st period - Slapshot by Zdeno Chara.
5:30 of 1st period - Stopped by Mackenzie Blackwood with a rebound.
5:42 of 1st period - Slapshot by Kris Letang.
5:42 of 1st period - Stopped by Dan Vladar without a rebound.
5:43 of 1st period - Alexis Lafreniere wins face-off versus Pius Suter in Nordiques zone.
5:48 of 1st period - Slapshot by Filip Chytil.
5:48 of 1st period - Shot Misses the Net.
5:53 of 1st period - Off-side.
5:54 of 1st period - Victor Olofsson wins face-off versus Mathieu Perreault in neutral zone.
6:21 of 1st period - Kirby Dach is hit by Brett Pesce.
6:25 of 1st period - Brett Pesce is hit by Kirby Dach and loses puck.
6:30 of 1st period - Snap shot by Sebastian Aho.
6:30 of 1st period - Shot Misses the Net.
6:44 of 1st period - Snap shot by Colton Sissons.
6:44 of 1st period - Shot Misses the Net.
7:14 of 1st period - Wrist shot by Joel Farabee.
7:14 of 1st period - Stopped by Mackenzie Blackwood without a rebound.
7:15 of 1st period - Nathan MacKinnon wins face-off versus Sebastian Aho in Jets zone.
7:22 of 1st period - Snap shot by Alexander Wennberg.
7:22 of 1st period - Shot Blocked by Josh Manson.
7:42 of 1st period - Josh Manson is hit by Zdeno Chara and loses puck.
7:51 of 1st period - Philippe Myers is hit by Kris Letang.
8:07 of 1st period - Snap shot by Alex Newhook.
8:07 of 1st period - Shot Misses the Net.
8:09 of 1st period - Snap shot by Shayne Gostisbehere.
8:09 of 1st period - Shot Blocked by Zac Dalpe.
8:50 of 1st period - Colton Sissons is hit by Zdeno Chara and loses puck.
9:14 of 1st period - Snap shot by Colton Sissons.
9:14 of 1st period - Deflect By Artem Anisimov.
9:14 of 1st period - Goal by Artem Anisimov - Nordiques : 0 - Jets : 1.
9:15 of 1st period - Nathan MacKinnon wins face-off versus Mathieu Perreault in neutral zone.
9:18 of 1st period - Snap shot by Nathan MacKinnon.
9:18 of 1st period - Deflect By Victor Olofsson.
9:18 of 1st period - Shot Misses the Net.
9:18 of 1st period - Puck is out of play.
9:19 of 1st period - Mathieu Perreault wins face-off versus Nathan MacKinnon in Nordiques zone.
9:32 of 1st period - Slapshot by James van Riemsdyk.
9:32 of 1st period - Shot Blocked by Ryan Lindgren.
10:31 of 1st period - Icing by Zac Dalpe.
10:32 of 1st period - Filip Chytil wins face-off versus Mathieu Perreault in Jets zone.
11:02 of 1st period - Double Minor Penalty to Alex Newhook for Slashing.
11:03 of 1st period - Nathan MacKinnon wins face-off versus Sebastian Aho in Nordiques zone.
11:33 of 1st period - Snap shot by Alexander Wennberg.
11:33 of 1st period - Deflect By Sebastian Aho.
11:33 of 1st period - Stopped by Mackenzie Blackwood without a rebound.
11:34 of 1st period - Nathan MacKinnon wins face-off versus Sebastian Aho in Jets zone.
12:01 of 1st period - Icing by James van Riemsdyk.
12:02 of 1st period - Kirby Dach wins face-off versus Filip Chytil in Jets zone.
12:31 of 1st period - Snap shot by Nathan MacKinnon.
12:31 of 1st period - Deflect By Victor Olofsson.
12:31 of 1st period - Stopped by Dan Vladar with a rebound.
12:33 of 1st period - Wrist shot by Victor Olofsson.
12:33 of 1st period - Goal by Victor Olofsson - Nordiques : 0 - Jets : 2.
12:34 of 1st period - Alexander Wennberg wins face-off versus Nathan MacKinnon in neutral zone.
12:37 of 1st period - Snap shot by Sebastian Aho.
12:37 of 1st period - Stopped by Mackenzie Blackwood without a rebound.
12:38 of 1st period - Sebastian Aho wins face-off versus Alexis Lafreniere in Jets zone.
12:39 of 1st period - Wrist shot by Alexander Wennberg.
12:39 of 1st period - Goal by Alexander Wennberg - Nordiques : 1 - Jets : 2.
12:40 of 1st period - Nathan MacKinnon wins face-off versus Kirby Dach in neutral zone.
13:01 of 1st period - Snap shot by Sebastian Aho.
13:01 of 1st period - Stopped by Mackenzie Blackwood without a rebound.
13:02 of 1st period - Sebastian Aho wins face-off versus Filip Chytil in Jets zone.
14:33 of 1st period - Penalty to Alex Newhook is over, Alex Newhook is back on ice.
14:37 of 1st period - Snap shot by Sebastian Aho.
14:37 of 1st period - Deflect By Alex Newhook.
14:37 of 1st period - Shot Misses the Net.
14:37 of 1st period - Puck is out of play.
14:38 of 1st period - Colton Sissons wins face-off versus Pius Suter in Jets zone.
14:38 of 1st period - Colton Sissons is hit by Alex Newhook.
14:51 of 1st period - Snap shot by Pius Suter.
14:51 of 1st period - Deflect By Patrick Brown.
14:51 of 1st period - Stopped by Mackenzie Blackwood with a rebound.
14:53 of 1st period - Snap shot by Shayne Gostisbehere.
14:53 of 1st period - Shot Misses the Net.
15:14 of 1st period - Off-side.
15:15 of 1st period - Mathieu Perreault wins face-off versus Nathan MacKinnon in neutral zone.
15:22 of 1st period - Snap shot by Joel Farabee.
15:22 of 1st period - Shot Misses the Net.
16:23 of 1st period - Slapshot by Zdeno Chara.
16:23 of 1st period - Shot Misses the Net.
16:29 of 1st period - C.J. Smith is hit by Wayne Simmonds and loses puck.
16:42 of 1st period - James van Riemsdyk is hit by Zdeno Chara and loses puck.
17:06 of 1st period - Kirby Dach is hit by Filip Chytil.
17:14 of 1st period - Snap shot by Alexander Wennberg.
17:14 of 1st period - Shot Blocked by Zac Dalpe.
17:16 of 1st period - Wrist shot by Alexander Wennberg.
17:16 of 1st period - Deflect By Sebastian Aho.
17:16 of 1st period - Shot Misses the Net.
17:16 of 1st period - Puck is out of play.
17:17 of 1st period - Pius Suter wins face-off versus Kyle Turris in Jets zone.
17:18 of 1st period - Snap shot by Alex Newhook.
17:18 of 1st period - Stopped by Mackenzie Blackwood with a rebound.
17:26 of 1st period - Wrist shot by Artem Anisimov.
17:26 of 1st period - Stopped by Dan Vladar with a rebound.
17:28 of 1st period - Wrist shot by Artem Anisimov.
17:28 of 1st period - Stopped by Dan Vladar with a rebound.
17:30 of 1st period - Snap shot by Artem Anisimov.
17:30 of 1st period - Stopped by Dan Vladar without a rebound.
17:31 of 1st period - Sebastian Aho wins face-off versus Nathan MacKinnon in Nordiques zone.
17:31 of 1st period - Sebastian Aho is hit by Victor Olofsson.
18:10 of 1st period - Wrist shot by Alexis Lafreniere.
18:10 of 1st period - Shot Misses the Net.
19:06 of 1st period - James van Riemsdyk is hit by Calle Rosen and loses puck.
19:23 of 1st period - Minor Penalty to Calle Rosen for Roughing.
19:24 of 1st period - Nathan MacKinnon wins face-off versus Kirby Dach in Nordiques zone.
Goals for this period are 1 for Nordiques vs 2 for Jets.
Shots for this period are 8 for Nordiques vs 11 for Jets.

2nd period


0:01 of 2nd period - Nathan MacKinnon wins face-off versus Kirby Dach in neutral zone.
1:23 of 2nd period - Penalty to Calle Rosen is over, Calle Rosen is back on ice.
2:00 of 2nd period - Snap shot by Wayne Simmonds.
2:00 of 2nd period - Stopped by Dan Vladar with a rebound.
2:21 of 2nd period - Wrist shot by Sebastian Aho.
2:21 of 2nd period - Shot Blocked by Victor Olofsson.
2:27 of 2nd period - Minor Penalty to Mark Pysyk for Tripping.
2:28 of 2nd period - Colton Sissons wins face-off versus Mathieu Perreault in Jets zone.
3:09 of 2nd period - Wrist shot by Wayne Simmonds.
3:09 of 2nd period - Shot Blocked by Travis Sanheim.
3:19 of 2nd period - Backhand shot by Kirby Dach.
3:19 of 2nd period - Stopped by Mackenzie Blackwood with a rebound.
3:23 of 2nd period - Wrist shot by Sebastian Aho.
3:23 of 2nd period - Stopped by Mackenzie Blackwood with a rebound.
3:25 of 2nd period - Wrist shot by Kirby Dach.
3:25 of 2nd period - Goal by Kirby Dach - Nordiques : 2 - Jets : 2.
3:26 of 2nd period - Nathan MacKinnon wins face-off versus Nils Hoglander in neutral zone.
3:39 of 2nd period - Icing by Nils Hoglander.
3:40 of 2nd period - Nathan MacKinnon wins face-off versus Joel Farabee in Nordiques zone.
4:35 of 2nd period - Snap shot by Nils Hoglander.
4:35 of 2nd period - Shot Blocked by Kris Letang.
4:37 of 2nd period - Wrist shot by Mathieu Perreault.
4:37 of 2nd period - Stopped by Mackenzie Blackwood without a rebound.
4:38 of 2nd period - Sebastian Aho wins face-off versus Filip Chytil in Jets zone.
4:39 of 2nd period - Wrist shot by Kirby Dach.
4:39 of 2nd period - Shot Misses the Net.
4:51 of 2nd period - Kirby Dach is hit by Josh Morrissey and loses puck.
5:04 of 2nd period - Josh Morrissey is hit by Zdeno Chara.
5:12 of 2nd period - Wrist shot by Artem Anisimov.
5:12 of 2nd period - Stopped by Dan Vladar with a rebound.
5:25 of 2nd period - Off-side.
5:26 of 2nd period - Frederick Gaudreau wins face-off versus Mitchell Stephens in neutral zone.
5:36 of 2nd period - Icing by Gabriel Dumont.
5:37 of 2nd period - Mitchell Stephens wins face-off versus Nathan MacKinnon in Nordiques zone.
6:33 of 2nd period - Snap shot by Victor Olofsson.
6:33 of 2nd period - Stopped by Dan Vladar without a rebound.
6:34 of 2nd period - Sebastian Aho wins face-off versus Filip Chytil in Nordiques zone.
6:50 of 2nd period - Snap shot by Kirby Dach.
6:50 of 2nd period - Goal by Kirby Dach - Nordiques : 3 - Jets : 2.
6:51 of 2nd period - Filip Chytil wins face-off versus Sebastian Aho in neutral zone.
6:54 of 2nd period - Snap shot by Josh Morrissey.
6:54 of 2nd period - Deflect By Alexis Lafreniere.
6:54 of 2nd period - Stopped by Dan Vladar without a rebound.
6:55 of 2nd period - Filip Chytil wins face-off versus Sebastian Aho in Nordiques zone.
6:56 of 2nd period - Wrist shot by Alexis Lafreniere.
6:56 of 2nd period - Shot Misses the Net.
7:08 of 2nd period - Ryan Lindgren is hit by Filip Chytil and loses puck.
7:15 of 2nd period - Brett Pesce is hit by Sebastian Aho and loses puck.
7:39 of 2nd period - Snap shot by Sebastian Aho.
7:39 of 2nd period - Deflect By Filip Chytil.
7:39 of 2nd period - Shot Misses the Net.
7:39 of 2nd period - Puck is out of play.
7:40 of 2nd period - Nathan MacKinnon wins face-off versus Mathieu Perreault in Jets zone.
7:40 of 2nd period - Nathan MacKinnon is hit by Nils Hoglander.
8:06 of 2nd period - Patrick Brown is hit by Josh Manson and loses puck.
8:13 of 2nd period - Colton Sissons is hit by Alex Newhook and loses puck.
8:28 of 2nd period - Snap shot by Gabriel Dumont.
8:28 of 2nd period - Shot Hit the Post.
8:30 of 2nd period - Slapshot by Shayne Gostisbehere.
8:30 of 2nd period - Stopped by Mackenzie Blackwood with a rebound.
8:34 of 2nd period - Wrist shot by C.J. Smith.
8:34 of 2nd period - Shot Blocked by Frederick Gaudreau.
9:02 of 2nd period - Snap shot by Victor Olofsson.
9:02 of 2nd period - Stopped by Dan Vladar without a rebound.
9:03 of 2nd period - Filip Chytil wins face-off versus Sebastian Aho in Nordiques zone.
9:06 of 2nd period - Snap shot by Filip Chytil.
9:06 of 2nd period - Shot Misses the Net.
9:16 of 2nd period - Snap shot by Alexis Lafreniere.
9:16 of 2nd period - Stopped by Dan Vladar without a rebound.
9:17 of 2nd period - Nathan MacKinnon wins face-off versus Mathieu Perreault in Nordiques zone.
9:18 of 2nd period - Wrist shot by James van Riemsdyk.
9:18 of 2nd period - Stopped by Dan Vladar with a rebound.
9:20 of 2nd period - Wrist shot by Victor Olofsson.
9:20 of 2nd period - Stopped by Dan Vladar without a rebound.
9:21 of 2nd period - Nathan MacKinnon wins face-off versus Mathieu Perreault in Nordiques zone.
9:22 of 2nd period - Snap shot by Victor Olofsson.
9:22 of 2nd period - Stopped by Dan Vladar with a rebound.
9:24 of 2nd period - Wrist shot by Mark Pysyk.
9:24 of 2nd period - Shot Misses the Net.
9:26 of 2nd period - Slapshot by John Moore.
9:26 of 2nd period - Shot Blocked by Zdeno Chara.
9:28 of 2nd period - Slapshot by John Moore.
9:28 of 2nd period - Shot Misses the Net.
9:30 of 2nd period - Wrist shot by James van Riemsdyk.
9:30 of 2nd period - Stopped by Dan Vladar with a rebound.
9:32 of 2nd period - Slapshot by James van Riemsdyk.
9:32 of 2nd period - Goal by James van Riemsdyk - Nordiques : 3 - Jets : 3.
9:33 of 2nd period - Nathan MacKinnon wins face-off versus Mathieu Perreault in neutral zone.
9:38 of 2nd period - Snap shot by Kris Letang.
9:38 of 2nd period - Stopped by Dan Vladar with a rebound.
10:06 of 2nd period - Snap shot by Kirby Dach.
10:06 of 2nd period - Shot Misses the Net.
10:09 of 2nd period - Icing by Josh Manson.
10:10 of 2nd period - Pius Suter wins face-off versus Filip Chytil in Jets zone.
10:11 of 2nd period - Snap shot by Alex Newhook.
10:11 of 2nd period - Stopped by Mackenzie Blackwood with a rebound.
10:13 of 2nd period - Snap shot by Alex Newhook.
10:13 of 2nd period - Goal by Alex Newhook - Nordiques : 4 - Jets : 3.
10:14 of 2nd period - Nathan MacKinnon wins face-off versus Mathieu Perreault in neutral zone.
10:36 of 2nd period - Minor Penalty to Nathan MacKinnon for Hooking.
10:37 of 2nd period - Colton Sissons wins face-off versus Joel Farabee in Jets zone.
11:22 of 2nd period - Zdeno Chara is hit by Brett Pesce and loses puck.
11:43 of 2nd period - John Moore is hit by Alexander Wennberg and loses puck.
12:36 of 2nd period - Penalty to Nathan MacKinnon is over, Nathan MacKinnon is back on ice.
13:15 of 2nd period - Slapshot by Shayne Gostisbehere.
13:15 of 2nd period - Shot Misses the Net.
14:07 of 2nd period - Mitchell Stephens is hit by Wayne Simmonds and loses puck.
14:45 of 2nd period - Calle Rosen is hit by Brett Ritchie and loses puck.
14:55 of 2nd period - Penalty Shot by Josh Morrissey for Jets.
14:55 of 2nd period - Deke by Josh Morrissey.
14:55 of 2nd period - Stopped by Dan Vladar.
14:56 of 2nd period - James van Riemsdyk wins face-off versus Pius Suter in Jets zone.
15:43 of 2nd period - Snap shot by Mitchell Stephens.
15:43 of 2nd period - Stopped by Mackenzie Blackwood with a rebound.
15:45 of 2nd period - Snap shot by Travis Sanheim.
15:45 of 2nd period - Deflect By Mitchell Stephens.
15:45 of 2nd period - Stopped by Mackenzie Blackwood with a rebound.
15:47 of 2nd period - Wrist shot by Gabriel Dumont.
15:47 of 2nd period - Stopped by Mackenzie Blackwood with a rebound.
15:49 of 2nd period - Wrist shot by Gabriel Dumont.
15:49 of 2nd period - Stopped by Mackenzie Blackwood with a rebound.
15:51 of 2nd period - Slapshot by Calle Rosen.
15:51 of 2nd period - Stopped by Mackenzie Blackwood with a rebound.
15:53 of 2nd period - Wrist shot by Mitchell Stephens.
15:53 of 2nd period - Stopped by Mackenzie Blackwood without a rebound.
15:54 of 2nd period - Mathieu Perreault wins face-off versus Nathan MacKinnon in Jets zone.
16:01 of 2nd period - Wrist shot by Mathieu Perreault.
16:01 of 2nd period - Shot Misses the Net.
16:03 of 2nd period - Slapshot by Shayne Gostisbehere.
16:03 of 2nd period - Stopped by Mackenzie Blackwood with a rebound.
16:05 of 2nd period - Wrist shot by Joel Farabee.
16:05 of 2nd period - Stopped by Mackenzie Blackwood with a rebound.
16:46 of 2nd period - Snap shot by Wayne Simmonds.
16:46 of 2nd period - Stopped by Dan Vladar with a rebound.
17:04 of 2nd period - Snap shot by Nils Hoglander.
17:04 of 2nd period - Shot Hit the Post.
17:06 of 2nd period - Backhand shot by Zdeno Chara.
17:06 of 2nd period - Deflect By Colton Sissons.
17:06 of 2nd period - Stopped by Mackenzie Blackwood without a rebound.
17:07 of 2nd period - Colton Sissons wins face-off versus Mathieu Perreault in Jets zone.
17:09 of 2nd period - Icing by Kris Letang.
17:10 of 2nd period - Joel Farabee wins face-off versus Colton Sissons in Jets zone.
17:11 of 2nd period - Snap shot by Nils Hoglander.
17:11 of 2nd period - Shot Blocked by Artem Anisimov.
17:13 of 2nd period - Slapshot by Ryan Lindgren.
17:13 of 2nd period - Stopped by Mackenzie Blackwood without a rebound.
17:14 of 2nd period - Nathan MacKinnon wins face-off versus Sebastian Aho in Jets zone.
17:27 of 2nd period - Snap shot by Kirby Dach.
17:27 of 2nd period - Stopped by Mackenzie Blackwood without a rebound.
17:28 of 2nd period - Alexis Lafreniere wins face-off versus Mathieu Perreault in Jets zone.
17:28 of 2nd period - Alexis Lafreniere is hit by Nils Hoglander.
17:44 of 2nd period - Wrist shot by Mathieu Perreault.
17:44 of 2nd period - Shot Misses the Net.
18:37 of 2nd period - Snap shot by Josh Manson.
18:37 of 2nd period - Deflect By Wayne Simmonds.
18:37 of 2nd period - Stopped by Dan Vladar with a rebound.
18:39 of 2nd period - Slapshot by Josh Manson.
18:39 of 2nd period - Deflect By Brett Ritchie.
18:39 of 2nd period - Shot Misses the Net.
18:39 of 2nd period - Puck is out of play.
18:40 of 2nd period - Frederick Gaudreau wins face-off versus Sebastian Aho in Nordiques zone.
19:11 of 2nd period - Snap shot by Wayne Simmonds.
19:11 of 2nd period - Shot Misses the Net.
19:13 of 2nd period - Backhand shot by Josh Morrissey.
19:13 of 2nd period - Deflect By Patrick Brown.
19:13 of 2nd period - Stopped by Dan Vladar with a rebound.
19:15 of 2nd period - Snap shot by Wayne Simmonds.
19:15 of 2nd period - Shot Misses the Net.
19:17 of 2nd period - Snap shot by Brett Ritchie.
19:17 of 2nd period - Shot Misses the Net.
19:19 of 2nd period - Slapshot by Wayne Simmonds.
19:19 of 2nd period - Shot Misses the Net.
19:21 of 2nd period - Wrist shot by Frederick Gaudreau.
19:21 of 2nd period - Shot Blocked by Zdeno Chara.
19:23 of 2nd period - Wrist shot by Frederick Gaudreau.
19:23 of 2nd period - Stopped by Dan Vladar with a rebound.
19:25 of 2nd period - Slapshot by Josh Morrissey.
19:25 of 2nd period - Goal by Josh Morrissey - Nordiques : 4 - Jets : 4.
19:26 of 2nd period - Mathieu Perreault wins face-off versus Nathan MacKinnon in neutral zone.
Goals for this period are 3 for Nordiques vs 2 for Jets.
Shots for this period are 19 for Nordiques vs 17 for Jets.

3rd period


0:01 of 3rd period - Nathan MacKinnon wins face-off versus Sebastian Aho in neutral zone.
0:57 of 3rd period - Slapshot by Kris Letang.
0:57 of 3rd period - Shot Blocked by Zdeno Chara.
0:59 of 3rd period - Slapshot by Josh Manson.
0:59 of 3rd period - Stopped by Dan Vladar with a rebound.
1:34 of 3rd period - Wrist shot by Mitchell Stephens.
1:34 of 3rd period - Stopped by Mackenzie Blackwood without a rebound.
1:35 of 3rd period - Nathan MacKinnon wins face-off versus Gabriel Dumont in Jets zone.
1:40 of 3rd period - Backhand shot by Mitchell Stephens.
1:40 of 3rd period - Shot Blocked by Josh Morrissey.
1:50 of 3rd period - Wrist shot by Mitchell Stephens.
1:50 of 3rd period - Stopped by Mackenzie Blackwood without a rebound.
1:51 of 3rd period - Mathieu Perreault wins face-off versus Filip Chytil in Jets zone.
1:54 of 3rd period - Snap shot by Nils Hoglander.
1:54 of 3rd period - Goal by Nils Hoglander - Nordiques : 5 - Jets : 4.
1:55 of 3rd period - Mathieu Perreault wins face-off versus Nathan MacKinnon in neutral zone.
2:30 of 3rd period - Slapshot by Sebastian Aho.
2:30 of 3rd period - Shot Misses the Net.
3:33 of 3rd period - Snap shot by Nathan MacKinnon.
3:33 of 3rd period - Shot Misses the Net.
3:35 of 3rd period - Slapshot by Mark Pysyk.
3:35 of 3rd period - Deflect By Victor Olofsson.
3:35 of 3rd period - Stopped by Dan Vladar with a rebound.
3:49 of 3rd period - Snap shot by Frederick Gaudreau.
3:49 of 3rd period - Shot Misses the Net.
4:09 of 3rd period - Snap shot by Nils Hoglander.
4:09 of 3rd period - Stopped by Mackenzie Blackwood without a rebound.
4:10 of 3rd period - Sebastian Aho wins face-off versus Filip Chytil in Jets zone.
4:37 of 3rd period - Victor Olofsson is hit by Zdeno Chara and loses puck.
4:42 of 3rd period - Slapshot by Alex Newhook.
4:42 of 3rd period - Shot Misses the Net.
4:44 of 3rd period - Snap shot by Pius Suter.
4:44 of 3rd period - Stopped by Mackenzie Blackwood with a rebound.
4:46 of 3rd period - Snap shot by Patrick Brown.
4:46 of 3rd period - Shot Misses the Net.
5:00 of 3rd period - C.J. Smith is hit by Josh Morrissey and loses puck.
5:18 of 3rd period - Off-side.
5:19 of 3rd period - Pius Suter wins face-off versus Frederick Gaudreau in neutral zone.
5:24 of 3rd period - Slapshot by Travis Sanheim.
5:24 of 3rd period - Stopped by Mackenzie Blackwood with a rebound.
5:46 of 3rd period - James van Riemsdyk is hit by Sebastian Aho and loses puck.
5:53 of 3rd period - Snap shot by Kirby Dach.
5:53 of 3rd period - Deflect By Alexander Wennberg.
5:53 of 3rd period - Stopped by Mackenzie Blackwood without a rebound.
5:54 of 3rd period - Mathieu Perreault wins face-off versus Filip Chytil in Jets zone.
6:01 of 3rd period - Wrist shot by Nils Hoglander.
6:01 of 3rd period - Shot Misses the Net.
6:06 of 3rd period - Off-side.
6:07 of 3rd period - Nathan MacKinnon wins face-off versus Sebastian Aho in neutral zone.
6:17 of 3rd period - Off-side.
6:18 of 3rd period - Victor Olofsson wins face-off versus Mathieu Perreault in neutral zone.
6:21 of 3rd period - Nils Hoglander is hit by Josh Morrissey and loses puck.
6:44 of 3rd period - Joel Farabee is hit by Brett Pesce and loses puck.
6:53 of 3rd period - Slapshot by Kris Letang.
6:53 of 3rd period - Shot Blocked by Travis Sanheim.
6:55 of 3rd period - Backhand shot by Artem Anisimov.
6:55 of 3rd period - Goal by Artem Anisimov - Nordiques : 5 - Jets : 5.
6:56 of 3rd period - Sebastian Aho wins face-off versus Filip Chytil in neutral zone.
7:03 of 3rd period - Slapshot by Alexander Wennberg.
7:03 of 3rd period - Stopped by Mackenzie Blackwood without a rebound.
7:04 of 3rd period - Sebastian Aho wins face-off versus Filip Chytil in Jets zone.
7:13 of 3rd period - Slapshot by Josh Manson.
7:13 of 3rd period - Shot Blocked by Kirby Dach.
7:15 of 3rd period - Slapshot by Kris Letang.
7:15 of 3rd period - Shot Blocked by Shayne Gostisbehere.
7:27 of 3rd period - Wrist shot by Filip Chytil.
7:27 of 3rd period - Stopped by Dan Vladar without a rebound.
7:28 of 3rd period - Pius Suter wins face-off versus Nathan MacKinnon in Nordiques zone.
7:28 of 3rd period - Pius Suter is hit by James van Riemsdyk.
8:19 of 3rd period - Wrist shot by Nathan MacKinnon.
8:19 of 3rd period - Shot Blocked by Philippe Myers.
8:36 of 3rd period - Wrist shot by Victor Olofsson.
8:36 of 3rd period - Shot Blocked by Sebastian Aho.
8:39 of 3rd period - Icing by Alexander Wennberg.
8:40 of 3rd period - Sebastian Aho wins face-off versus Filip Chytil in Nordiques zone.
9:36 of 3rd period - Slapshot by Ryan Lindgren.
9:36 of 3rd period - Deflect By Alexis Lafreniere.
9:36 of 3rd period - Stopped by Mackenzie Blackwood with a rebound.
9:38 of 3rd period - Snap shot by Sebastian Aho.
9:38 of 3rd period - Shot Blocked by Josh Manson.
9:40 of 3rd period - Wrist shot by Sebastian Aho.
9:40 of 3rd period - Shot Misses the Net.
9:42 of 3rd period - Slapshot by Philippe Myers.
9:42 of 3rd period - Stopped by Mackenzie Blackwood with a rebound.
9:44 of 3rd period - Snap shot by Philippe Myers.
9:44 of 3rd period - Shot Misses the Net.
9:46 of 3rd period - Slapshot by Ryan Lindgren.
9:46 of 3rd period - Stopped by Mackenzie Blackwood with a rebound.
9:48 of 3rd period - Slapshot by Ryan Lindgren.
9:48 of 3rd period - Stopped by Mackenzie Blackwood with a rebound.
9:54 of 3rd period - Wrist shot by Alexander Wennberg.
9:54 of 3rd period - Shot Misses the Net.
9:56 of 3rd period - Snap shot by Kirby Dach.
9:56 of 3rd period - Stopped by Mackenzie Blackwood without a rebound.
9:57 of 3rd period - Pius Suter wins face-off versus Colton Sissons in Jets zone.
10:19 of 3rd period - Icing by Josh Morrissey.
10:20 of 3rd period - Artem Anisimov wins face-off versus Mathieu Perreault in Jets zone.
10:57 of 3rd period - Slapshot by Mathieu Perreault.
10:57 of 3rd period - Deflect By Nils Hoglander.
10:57 of 3rd period - Stopped by Mackenzie Blackwood without a rebound.
10:58 of 3rd period - Nathan MacKinnon wins face-off versus Patrick Brown in Jets zone.
11:03 of 3rd period - Slapshot by James van Riemsdyk.
11:03 of 3rd period - Stopped by Dan Vladar without a rebound.
11:04 of 3rd period - Nathan MacKinnon wins face-off versus Pius Suter in Nordiques zone.
11:19 of 3rd period - Travis Sanheim is hit by Nathan MacKinnon and loses puck.
12:17 of 3rd period - Wrist shot by Wayne Simmonds.
12:17 of 3rd period - Goal by Wayne Simmonds - Nordiques : 5 - Jets : 6.
12:18 of 3rd period - Pius Suter wins face-off versus Nathan MacKinnon in neutral zone.
12:27 of 3rd period - Snap shot by Alex Newhook.
12:27 of 3rd period - Stopped by Mackenzie Blackwood with a rebound.
12:29 of 3rd period - Slapshot by Pius Suter.
12:29 of 3rd period - Stopped by Mackenzie Blackwood without a rebound.
12:30 of 3rd period - Nathan MacKinnon wins face-off versus Mathieu Perreault in Jets zone.
13:27 of 3rd period - Backhand shot by Mitchell Stephens.
13:27 of 3rd period - Stopped by Mackenzie Blackwood with a rebound.
13:49 of 3rd period - Zdeno Chara is hit by John Moore and loses puck.
14:13 of 3rd period - Off-side.
14:14 of 3rd period - Colton Sissons wins face-off versus Pius Suter in neutral zone.
14:17 of 3rd period - Slapshot by Kris Letang.
14:17 of 3rd period - Deflect By Colton Sissons.
14:17 of 3rd period - Shot Misses the Net.
14:17 of 3rd period - Puck is out of play.
14:18 of 3rd period - Pius Suter wins face-off versus Colton Sissons in Nordiques zone.
14:27 of 3rd period - Slapshot by Artem Anisimov.
14:27 of 3rd period - Stopped by Dan Vladar without a rebound.
14:28 of 3rd period - Mathieu Perreault wins face-off versus Nathan MacKinnon in Nordiques zone.
15:54 of 3rd period - Kris Letang is hit by Calle Rosen and loses puck.
16:10 of 3rd period - Off-side.
16:11 of 3rd period - Nathan MacKinnon wins face-off versus Pius Suter in neutral zone.
16:18 of 3rd period - Slapshot by Josh Morrissey.
16:18 of 3rd period - Shot Blocked by Patrick Brown.
16:20 of 3rd period - Snap shot by James van Riemsdyk.
16:20 of 3rd period - Stopped by Dan Vladar without a rebound.
16:21 of 3rd period - Pius Suter wins face-off versus Colton Sissons in Nordiques zone.
16:51 of 3rd period - Snap shot by Gabriel Dumont.
16:51 of 3rd period - Deflect By Mitchell Stephens.
16:51 of 3rd period - Stopped by Mackenzie Blackwood without a rebound.
16:52 of 3rd period - Mitchell Stephens wins face-off versus Nathan MacKinnon in Jets zone.
16:53 of 3rd period - Wrist shot by Gabriel Dumont.
16:53 of 3rd period - Shot Misses the Net.
16:55 of 3rd period - Wrist shot by Mitchell Stephens.
16:55 of 3rd period - Stopped by Mackenzie Blackwood with a rebound.
16:57 of 3rd period - Slapshot by Calle Rosen.
16:57 of 3rd period - Stopped by Mackenzie Blackwood with a rebound.
16:59 of 3rd period - Wrist shot by Gabriel Dumont.
16:59 of 3rd period - Deflect By Mitchell Stephens.
16:59 of 3rd period - Stopped by Mackenzie Blackwood without a rebound.
17:00 of 3rd period - Pius Suter wins face-off versus Nathan MacKinnon in Jets zone.
17:07 of 3rd period - Minor Penalty to Josh Manson for Hooking.
17:08 of 3rd period - Colton Sissons wins face-off versus Mathieu Perreault in Jets zone.
18:02 of 3rd period - Slapshot by Kris Letang.
18:02 of 3rd period - Shot Blocked by Travis Sanheim.
18:04 of 3rd period - Snap shot by Kyle Turris.
18:04 of 3rd period - Stopped by Dan Vladar without a rebound.
18:05 of 3rd period - Sebastian Aho wins face-off versus Colton Sissons in Nordiques zone.
18:14 of 3rd period - Snap shot by Sebastian Aho.
18:14 of 3rd period - Shot Blocked by Colton Sissons.
18:16 of 3rd period - Wrist shot by Sebastian Aho.
18:16 of 3rd period - Shot Misses the Net.
18:48 of 3rd period - Kirby Dach is hit by Brett Pesce and loses puck.
19:07 of 3rd period - Penalty to Josh Manson is over, Josh Manson is back on ice.
19:22 of 3rd period - Frederick Gaudreau is hit by Sebastian Aho.
19:28 of 3rd period - Slapshot by Kris Letang.
19:28 of 3rd period - Stopped by Dan Vladar with a rebound.
19:34 of 3rd period - Nordiques, Dan Vladar is pulled from the net.
19:50 of 3rd period - Zdeno Chara is hit by Josh Manson and loses puck.
19:56 of 3rd period - Off-side.
19:57 of 3rd period - Kirk Muller call a timeout for Nordiques.
19:57 of 3rd period - Kyle Turris wins face-off versus Sebastian Aho in neutral zone.
Goals for this period are 1 for Nordiques vs 2 for Jets.
Shots for this period are 21 for Nordiques vs 10 for Jets.